 Dungeon Crawl Stone Soup version 0.27.1 (webtiles) character file.

Game seed: 1487504381005413568

280 MajorAdolf the Digger (level 6, -4/56 HPs)
             Began as a Naga Wanderer on Aug 25, 2021.
             Slain by an ice beast (11 damage)
             ... on level 5 of the Dungeon.
             The game lasted 00:07:58 (4244 turns).

MajorAdolf the Digger (Naga Wanderer)               Turns: 4244, Time: 00:07:59

Health: -4/56      AC:  3    Str: 13    XL:     6   Next: 27%
Magic:  2/7        EV:  9    Int: 15    God:
Gold:   163        SH:  0    Dex: 11    Spells: 3/7 levels left

rFire    . . .     SeeInvis +   k - +3 dagger
rCold    . . .     Faith    .   (no shield)
rNeg     . . .     Spirit   .   a - +0 robe
rPois    +         Reflect  .   (no helmet)
rElec    .         Harm     .   (no cloak)
rCorr    .         Rampage  .   (no gloves)
Will     .....                  (no barding)
Stlth    ++........             (no amulet)
HPRegen  0.18/turn              (no ring)
MPRegen  0.10/turn              (no ring)

@: about to teleport, short of breath, very slow
A: AC +2, large, see invisible, deformed body, poison resistance, slowness 2,
spit poison 1, naga tail 1
a: Spit Poison


You were on level 5 of the Dungeon.
You visited 1 branch of the dungeon, and saw 6 of its levels.

You collected 163 gold pieces.

Inventory:

Hand Weapons
 j - a +2 dagger of holy wrath
 k - a +3 dagger (weapon)
Missiles
 b - 3 throwing nets
Armour
 a - a +0 robe (worn)
 c - a +0 leather armour
 e - a +0 ring mail
Wands
 m - a wand of polymorph (5)
Scrolls
 f - a scroll of identify
 h - a scroll of teleportation
 i - a scroll of enchant weapon {unknown}
 l - a scroll of fear {unknown}
 n - a scroll of magic mapping
Potions
 d - 2 potions of curing
 g - a potion of flight {unknown}


   Skills:
 - Level 3.0 Fighting
 - Level 1.0 Polearms
 - Level 1.0 Dodging
 - Level 1.5 Stealth
 - Level 1.0 Spellcasting
 + Level 4.1 Conjurations
 + Level 4.7 Earth Magic
 - Level 1.0 Evocations


You had 3 spell levels left.
You knew the following spells:

 Your Spells              Type           Power      Damage    Failure   Level
a - Sandblast             Erth           28%        2d8       3%          1
b - Stone Arrow           Conj/Erth      26%        3d8       12%         3

Your spell library contained the following spells:

 Spells                   Type           Power      Damage    Failure   Level


Dungeon Overview and Level Annotations

Branches:
Dungeon (6/15)
 Temple: D:4-7

Altars:
Makhleb

Shops:
D:1 :

Annotations:
D:3 Natasha
D:4 Pikel
D:5 exclusion: downstairs


Innate Abilities, Weirdness & Mutations

Your serpentine skin is tough. (AC +2)
You have supernaturally acute eyesight. (SInv)
Armour fits poorly on your strangely shaped body.
Your system is resistant to poisons. (rPois)
You cover ground very slowly.
You can spit poison.
You have a snake-like lower body.


Message History

Press: ? - help, Shift-Dir - straight line, f/p - ice beast
Aim: an ice beast (moderately wounded)
The splash of poison hits the ice beast.
The ice beast is moderately wounded.
You can't do that yet.
You don't have enough magic to cast this spell.
Unknown command.
There is an open door here.
The ice beast hits you but does no damage.
You closely miss the ice beast.
The ice beast is moderately wounded.
You have got your breath back.
The ice beast completely misses you.
You barely miss the ice beast.
The ice beast is moderately wounded.
The ice beast hits you but does no damage.
Press: ? - help, Shift-Dir - straight line, f/p - ice beast
Aim: an ice beast (moderately wounded)
The splash of poison hits the ice beast.
The ice beast is moderately wounded.
The ice beast hits you. The ice beast freezes you.
Unknown command.
You closely miss the ice beast.
The ice beast is moderately wounded.
The ice beast hits you. The ice beast freezes you!
You hit the ice beast but do no damage.
The ice beast is moderately wounded.
The ice beast hits you. The ice beast freezes you!
Okay, then.
Okay, then.
As you read the scroll labelled JUBAOL TU BINE, it crumbles to dust.
It is a scroll of identify.
h - 2 scrolls of teleportation The ice beast hits you.
The ice beast freezes you!
* * * LOW HITPOINT WARNING * * *
As you read the scroll of teleportation, it crumbles to dust.
You feel strangely unstable. The ice beast hits you.
* * * LOW HITPOINT WARNING * * *
The ice beast freezes you!
You die...

.....
..............+
.....
#.....>.......#
.....
#.............#
.....
##+####'#.....#
####.
+.......#.....+
#.......#.....#
#...#####.....#
##..#.....#####
#.@#.....#
#..Y.....#
#..#.....#
#..#####....
#..# .. #..+
#..# #..# ####


You could see an ice beast.

Vanquished Creatures
  A sky beast (D:5)
  A lemure (D:5)
  A scorpion (D:5)
  An orc wizard (D:2)
  3 adders
  An ufetubus (D:5)
  3 worms
  A dart slug (D:5)
  2 orcs (D:2)
  4 ball pythons
  7 endoplasms
  A giant cockroach (D:1)
  4 hobgoblins
  2 jackals (D:1)
  4 quokkas
  6 bats
  3 frilled lizards
  9 goblins
  2 kobolds
  5 rats (D:1)
61 creatures vanquished.

Notes
Turn   | Place    | Note
-------+----------+-------------------------------------------
     0 | D:1      | MajorAdolf the Naga Wanderer began the quest for the Orb.
     0 | D:1      | MajorAdolf set off with the following items: a +0 short
                  | sword, 2 throwing nets, a +0 leather armour; and the
                  | following spell memorised: Sandblast; and the following
                  | spells available to memorise: Stone Arrow
     0 | D:1      | Reached XP level 1. HP: 21/21 MP: 2/2
   169 | D:1      | Found Waocem's Book Boutique.
   266 | D:1      | Reached skill level 1 in Conjurations
   266 | D:1      | Reached XP level 2. HP: 25/28 MP: 3/3
   640 | D:1      | You fall into a shaft and drop 1 floor!
   672 | D:2      | Reached XP level 3. HP: 30/34 MP: 4/4
   837 | D:2      | Learned a level 3 spell: Stone Arrow
   976 | D:2      | Reached XP level 4. HP: 21/42 MP: 5/5
  3062 | D:3      | Found a burning altar of Makhleb.
  3320 | D:3      | Noticed Natasha
  3337 | D:4      | Noticed a lemure
  3350 | D:4      | Reached XP level 5. HP: 42/49 MP: 6/6
  3350 | D:4      | Noticed a lemure
  3352 | D:4      | Noticed Pikel
  3352 | D:4      | Noticed a lemure
  3359 | D:5      | Entered Level 5 of the Dungeon
  3368 | D:5      | Killed a lemure
  3670 | D:5      | Noticed a sky beast
  3686 | D:5      | Killed a sky beast
  3687 | D:5      | Reached XP level 6. HP: 29/56 MP: 1/7
  4076 | D:6      | Noticed a black bear
  4231 | D:5      | Noticed an ice beast
  4244 | D:5      | Slain by an ice beast

Illustrated notes

Levels and vault maps discovered:
D:1:      saegor_arrival_simple_b, layout_basic, serial_corexii_hall,
          corexii_hall_statues_s, corexii_hall_statues_l,
          chequers_hall_statues_y, corexii_hall_statues_i, serial_shops, shop
D:2:      layout_basic
D:3:      layout_basic, nicolae_overflow_hidden_temple,
          mainiacjoe_overflow_surrounded_room, ebering_ecumenical_altar_rust,
          kennysheep_flooded_box, st_stairs_9, chequers_serial_rivers_small_a,
          uniq_natasha
D:4:      cheibrodos_fertilizer, layout_basic, zin_academy, uniq_pikel
D:5:      layout_gridville
D:6:      minmay_general_purpose_star, layout_cave_pools, serial_shops,
          nicolae_stop_n_shop_2, eino_small_chamber_without_monster,
          minmay_misc_feat_hallway

Skill      XL: |  1  2  3  4  5 |
---------------+----------------+-----
Conjurations   | 1 2 3 4 |  4.1
Earth Magic    | 3 4 |  4.7
Fighting       | |  3.0
Polearms       | |  1.0
Dodging        | |  1.0
Stealth        | |  1.5
Spellcasting   | |  1.0
Evocations     | |  1.0

Action                   |  1- 3 |  4- 6 || total
-------------------------+-------+-------++-------
Melee: Short sword       |    56 |    34 ||    90
       Dagger            |       |    55 ||    55
 Cast: Stone Arrow       |       |     9 ||     9
 Abil: Spit Poison       |    13 |    30 ||    43
  Use: Potion            |       |     4 ||     4
       Scroll            |       |     4 ||     4
Armor: Leather armour    |     3 |       ||     3
       Ring mail         |    23 |    16 ||    39
       Robe              |       |    10 ||    10
Dodge: Dodged            |    29 |    39 ||    68
